 Dungeon Crawl Stone Soup version 0.26-a0-110-g95b6527cb0 (webtiles) character file.

Game seed: 5716962040074779942

3535 drasked the Reanimator (level 10, -3/44 HPs)
             Began as a Vine Stalker Necromancer on June 23, 2020.
             Slain by a wraith (10 damage)
             ... on level 8 of the Dungeon.
             The game lasted 00:52:02 (11119 turns).

drasked the Reanimator (Vine Stalker Necromancer)  Turns: 11119, Time: 00:52:02

Health: -3/44      AC: 12    Str: 12    XL:     10   Next: 8%
Magic:  0/18       EV: 12    Int: 18    God:
Gold:   411        SH: 10    Dex: 14    Spells: 10/19 levels left

rFire    . . .     SeeInvis +   G - +0 dagger (venom)
rCold    . . .     Faith    .   v - +0 buckler
rNeg     . . .     Spirit   +   z - +1 steam dragon scales
rPois    .         Reflect  +   (no helmet)
rElec    .         Harm     .   (no cloak)
rCorr    .                      y - +0 pair of gloves
MR       +....                  p - +0 pair of boots
Stlth    ++........             A - amulet of reflection
HPRegen  0.54/turn              m - +4 ring of protection
MPRegen  0.16/turn              S - ring of see invisible {sInv, !d}

@: starving, slowed, very slow
A: fangs 3, regeneration 1, magic shield, antimagic bite, no potion heal 3, rot
immunity
a: no special abilities


You were on level 8 of the Dungeon.
You were starving.

You visited 2 branches of the dungeon, and saw 9 of its levels.

You collected 411 gold pieces.

Inventory:

Hand Weapons
 G - a +0 dagger of venom (weapon)
   (You took it off an orc on level 6 of the Dungeon)
Missiles
 l - 2 throwing nets {=f, !d=f}
 q - 63 poisoned darts (quivered)
 C - 15 javelins
Armour
 p - a +0 pair of boots (worn)
   (You found it on level 1 of the Dungeon)
 v - a +0 buckler (worn)
   (You found it on level 4 of the Dungeon)
 y - a +0 pair of gloves (worn)
   (You found it on level 5 of the Dungeon)
 z - +1 steam dragon scales (worn)
   (You took it off Maggie on level 6 of the Dungeon)
Jewellery
 m - a +4 ring of protection (left hand)
   (You found it on level 2 of the Dungeon)
 A - an amulet of reflection (around neck)
   (You found it on level 5 of the Dungeon)
 S - a ring of see invisible (right hand) {sInv, !d}
   (You took it off an orc on level 3 of the Dungeon)
Wands
 n - a wand of polymorph (4)
   (You took it off Ijyb on level 4 of the Dungeon)
 u - a wand of clouds (6)
   (You found it on level 4 of the Dungeon)
 B - a wand of paralysis (8)
   (You found it on level 6 of the Dungeon)
 D - a wand of digging (3)
   (You found it on level 4 of the Dungeon)
Scrolls
 a - 2 scrolls of immolation {unknown}
 b - a scroll of torment {unknown}
 c - a scroll of blinking {unknown}
 f - 4 scrolls of amnesia
 g - a scroll of fear {unknown}
 i - 4 scrolls of identify
 k - a scroll of teleportation {unknown}
 s - a scroll of enchant weapon {unknown}
 w - 3 scrolls of remove curse
 x - a scroll of fog {unknown}
Potions
 d - 4 potions of might
 h - a potion of haste
 j - 3 potions of stabbing
 o - 3 potions of flight
 r - a potion of lignification {!q!q}
 t - a potion of cancellation
 E - a potion of brilliance
 F - a potion of ambrosia
Comestibles
 e - 8 rations


   Skills:
 - Level 1.5 Dodging
 - Level 2.4 Stealth
 - Level 4.0 Shields
 - Level 5.0 Spellcasting
 + Level 12.8 Necromancy


You had 10 spell levels left.
You knew the following spells:

 Your Spells              Type           Power        Failure   Level  Hunger
a - Pain                  Necr           ####         1%          1    None
b - Animate Skeleton      Necr           N/A          1%          1    None
x - Vampiric Draining     Necr           ######....   1%          3    ##.....
A - Animate Dead          Necr           N/A          1%          4    ####...

Your spell library contained the following spells:

 Spells                   Type           Power        Failure   Level  Hunger
 Agony                    Necr           ######..     1%          5    ######.
 Apportation              Tloc           #.....       13%         1    None
 Corona                   Hex            #......      13%         1    None
 Summon Small Mammal      Summ           #...         13%         1    None
 Confusing Touch          Hex            #.......     36%         3    ##.....
 Gell's Gravitas          Tloc           #.........   36%         3    ##.....
 Petrify                  Tmut/Erth      #.......     78%         4    ####...
 Bolt of Magma            Conj/Fire/Erth #.........   98%         5    ######.
 Iskenderun's Battlesphe  Conj/Chrm      #.......     98%         5    ######.
 Metabolic Englaciation   Hex/Ice        #.........   98%         5    ######.
 Yara's Violent Unravell  Hex/Tmut       #.........   98%         5    ######.
 Iron Shot                Conj/Erth      #.........   100%        6    #######
 Orb of Destruction       Conj           #.........   100%        7    #######
 Spellforged Servitor     Conj/Summ      #.........   100%        7    #######


Dungeon Overview and Level Annotations

Branches:
Dungeon (8/15)             Temple (1/1) D:4            Lair (0/6) D:8

Altars:
Ashenzari
Dithmenos
Elyvilon
Fedhas
Gozag
Hepliaklqana
Kikubaaqudgha
Makhleb
Nemelex Xobeh
Okawaru
Qazlal
Ru
Sif Muna
Trog
Uskayaw
Vehumet
Wu Jian
Xom
Yredelemnul
Zin
The Shining One

Annotations:
D:2 1 runed translucent door, Crazy Yiuf


Innate Abilities, Weirdness & Mutations

You have razor-sharp teeth.
Your natural rate of healing is unusually fast.
When hurt, damage is shared between your health and your magic reserves.
Your bite disrupts and absorbs the magic of your enemies.
Potions cannot restore your health.
You are immune to rotting.


Message History

You hit the wraith but do no damage. You block the wraith's attack.
The wraith barely misses you.
You hit the wraith but do no damage. The wraith barely misses you.
You block the wraith's attack. You block the wraith's attack.
You hit the wraith. The wraith hits you!
* * * LOW HITPOINT WARNING * * *
The wraith drains your vigour!
You feel as though you will be slow longer.
You hit the wraith but do no damage. You block the wraith's attack. x2
You hit the wraith but do no damage. You bite the wraith, but do no damage.
The wraith hits you.
* * * LOW HITPOINT WARNING * * *
The wraith drains your vigour!
You feel as though you will be slow longer.
You hit the wraith. The wraith hits you.
* * * LOW HITPOINT WARNING * * *
You block the wraith's attack. The wraith misses you.
You hit the wraith but do no damage. The wraith completely misses you.
The wraith hits you but does no damage.
You barely miss the wraith. You block the wraith's attack.
You hit the wraith but do no damage. The wraith hits you!
* * * LOW HITPOINT WARNING * * *
The wraith drains your vigour!
You feel as though you will be slow longer.
You block the wraith's attack.
You barely miss the wraith. The wraith misses you.
Aim: a wraith (moderately damaged)
You can't drain life from that!
You call on the dead to rise...
Nothing appears to happen.
* * * LOW MAGIC WARNING * * *
You are starving!
You block the wraith's attack. The wraith hits you.
* * * LOW MAGIC WARNING * * *;
* * * LOW HITPOINT WARNING * * *
You hit the wraith. You bite the wraith, but do no damage.
The wraith hits you but does no damage.
You hit the wraith but do no damage.
The wraith hits you but does no damage. x2
You hit the wraith but do no damage. The wraith hits you but does no damage.
You hit the wraith but do no damage. The wraith hits you but does no damage.
You block the wraith's attack.
You hit the wraith but do no damage. You block the wraith's attack.
You hit the wraith but do no damage. The wraith hits you but does no damage.
You block the wraith's attack.
You hit the wraith but do no damage. The wraith hits you but does no damage.
You barely miss the wraith. You bite the wraith, but do no damage.
The wraith hits you.
* * * LOW MAGIC WARNING * * *;
* * * LOW HITPOINT WARNING * * *
The wraith drains your vigour!
You feel as though you will be slow longer.
The wraith closely misses you.
You hit the wraith but do no damage. You bite the wraith, but do no damage.
The wraith hits you but does no damage.
You hit the wraith but do no damage. You block the wraith's attack. x2
You hit the wraith but do no damage. The wraith closely misses you.
You hit the wraith but do no damage. The wraith hits you!
* * * LOW MAGIC WARNING * * *;
* * * LOW HITPOINT WARNING * * *
The wraith drains your vigour!
You feel as though you will be slow longer.
You block the wraith's attack.
You hit the wraith but do no damage. You block the wraith's attack.
You hit the wraith but do no damage. The wraith misses you.
The wraith closely misses you.
You hit the wraith but do no damage. The wraith barely misses you.
You hit the wraith but do no damage. The wraith hits you but does no damage.
You block the wraith's attack.
You hit the wraith but do no damage. The wraith hits you but does no damage.
You closely miss the wraith. The wraith hits you but does no damage.
The wraith hits you!
* * * LOW MAGIC WARNING * * *;
* * * LOW HITPOINT WARNING * * *
The wraith drains your vigour!
You feel as though you will be slow longer.
You hit the wraith but do no damage. You block the wraith's attack.
You barely miss the wraith. You bite the wraith, but do no damage.
The wraith hits you.
* * * LOW MAGIC WARNING * * *;
* * * LOW HITPOINT WARNING * * *
The wraith drains your vigour!
You feel as though you will be slow longer.
You block the wraith's attack.
You barely miss the wraith. You bite the wraith, but do no damage.
The wraith hits you but does no damage.
You hit the wraith but do no damage. You bite the wraith, but do no damage.
The wraith completely misses you. The wraith hits you!
* * * LOW MAGIC WARNING * * *;
* * * LOW HITPOINT WARNING * * *
The wraith drains your vigour!
You feel as though you will be slow longer.
There is an open door, spattered with blood here.
You block the wraith's attack. The wraith hits you but does no damage.
The wraith misses you. The wraith hits you.
* * * LOW MAGIC WARNING * * *;
* * * LOW HITPOINT WARNING * * *
The wraith hits you.
* * * LOW MAGIC WARNING * * *;
* * * LOW HITPOINT WARNING * * *
The wraith drains your vigour!
You feel as though you will be slow longer.
The wraith hits you but does no damage. The wraith hits you!
* * * LOW MAGIC WARNING * * *
You die...

##...##.###+#'#'#'#'#
##.###..'...........
#.# #####'#'#'#'#'#
###.####8##.#_#.#.#
#...##..# ##########
##.....## #...# #..#
##..#.### #..## ##.##
#.###W# ##..# #... ###
#@#####...# ##..
######.........#####..#
#.##....####......#..##
##..###..###..###....#
#...###..##..# ####.##
####..##......# #..#
#.###.....###.## ##..
#.# ##...## #..# ##...
#.## ##.## ##.# ##.#..


You could see a wraith.

Levels and vault maps discovered:
D:1:      lemuel_arrival_cross, layout_loops_cross
D:2:      layout_basic, first_ration, minmay_lizard_pond,
          uniq_crazy_yiuf_cottage
D:3:      layout_rooms, roderic_lattice_a, grunt_decor_cap
D:4:      layout_rooms, tso_metal_star, kennysheep_little_box,
          minmay_temple_entry_drinking_statues, chequers_serial_rivers_micro_a,
          uniq_ijyb
D:5:      layout_rooms
D:6:      layout_cave_pools, uniq_sigmund, uniq_maggie, uniq_blork_the_orc
D:7:      layout_basic, lightli_church_of_beogh
D:8:      layout_layer_cave, lemuel_mausoleum_altar_kikubaaqudgha,
          minmay_lair_entry_grove, uniq_harold, uniq_prince_ribbit1
Temple:   dpeg_five_rooms_temple

Notes
Turn   | Place    | Note
-------+----------+-------------------------------------------
     0 | D:1      | drasked the Vine Stalker Necromancer began the quest for
                  | the Orb.
     0 | D:1      | Reached XP level 1. HP: 9/9 MP: 4/4
   141 | D:1      | Identified a +0 dagger
   364 | D:1      | Identified a +0 club
   367 | D:1      | Reached XP level 2. HP: 13/13 MP: 2/6
   833 | D:1      | Identified a +0 whip
   833 | D:1      | Identified a +0 dagger
  1142 | D:1      | Reached XP level 3. HP: 13/16 MP: 5/8
  1291 | D:1      | Reached skill level 3 in Spellcasting
  1311 | D:1      | Identified a +0 club
  1667 | D:2      | Identified a +0 club
  2553 | D:2      | HP: 2/16 [worm (4)]
  3774 | D:2      | Gained mutation: Your natural rate of healing is unusually
                  | fast. [Vine Stalker growth]
  3774 | D:2      | Reached XP level 4. HP: 21/21 MP: 8/10
  4026 | D:2      | Found a runed translucent door.
  4027 | D:2      | Identified a +4 quarterstaff of chaos
  4027 | D:2      | Identified a +0 cloak
  4027 | D:2      | Noticed Crazy Yiuf
  4303 | D:3      | Identified a +0 flail
  4303 | D:3      | Identified a +0 halberd
  4579 | D:3      | Reached skill level 5 in Necromancy
  4589 | D:3      | Learned a level 4 spell: Animate Dead
  4612 | D:3      | Identified a cursed -2 club
  4612 | D:3      | Identified a +0 club
  4612 | D:3      | Identified a +0 hunting sling
  4620 | D:3      | Reached XP level 5. HP: 24/24 MP: 8/11
  4624 | D:3      | Identified a +0 hand axe
  4628 | D:3      | Identified a +0 leather armour
  4772 | D:3      | Identified a +0 short sword
  4805 | D:3      | Reached skill level 4 in Spellcasting
  5084 | D:3      | Identified a +0 mace
  5084 | D:3      | Identified an uncursed ring of see invisible
  5370 | D:3      | Identified a +0 pair of boots (You found it on level 1 of
                  | the Dungeon)
  5370 | D:3      | Identified a ring of protection (You found it on level 2 of
                  | the Dungeon)
  5371 | D:3      | Identified a ring of fire (You found it on level 2 of the
                  | Dungeon)
  5383 | D:4      | Identified a +0 dagger
  5383 | D:4      | Identified a +0 ring mail
  5383 | D:4      | Noticed Ijyb
  5529 | D:4      | Identified a +0 whip
  5532 | D:4      | Reached XP level 6. HP: 26/28 MP: 9/13
  5542 | D:4      | Identified a +0 flail
  5691 | D:4      | Killed Ijyb
  5698 | D:4      | Identified a +0 dagger
  5698 | D:4      | Identified a +0 robe
  5727 | D:4      | Reached skill level 6 in Necromancy
  5766 | D:4      | Identified a +0 trident
  5783 | D:4      | Reached skill level 5 in Spellcasting
  5871 | D:4      | Found a staircase to the Ecumenical Temple.
  5880 | Temple   | Entered the Ecumenical Temple
  6270 | D:4      | Found a glowing golden altar of the Shining One.
  6362 | D:4      | Found a shimmering blue altar of Sif Muna.
  6533 | D:5      | Entered Level 5 of the Dungeon
  6533 | D:5      | Identified a +0 flail
  6572 | D:5      | Identified a +0 hand axe
  6582 | D:4      | Reached skill level 1 in Shields
  6637 | D:5      | Noticed a phantom
  6680 | D:5      | Noticed a phantom
  6681 | D:5      | Noticed a sky beast
  6736 | D:5      | Learned a level 1 spell: Animate Skeleton
  6765 | D:5      | Reached XP level 7. HP: 29/32 MP: 8/15
  6785 | D:5      | Identified a +0 mace
  6792 | D:5      | Reached skill level 2 in Shields
  6949 | D:5      | Learned a level 3 spell: Vampiric Draining
  7070 | D:5      | Identified a +0 pair of gloves (You found it on level 5 of
                  | the Dungeon)
  7380 | D:6      | Reached skill level 3 in Shields
  7401 | D:6      | Identified a +0 war axe of flaming
  7401 | D:6      | Identified +1 steam dragon scales
  7401 | D:6      | Noticed Maggie
  7404 | D:6      | Identified a +0 scythe
  7404 | D:6      | Identified a +0 robe
  7404 | D:6      | Noticed Sigmund
  7433 | D:5      | Reached skill level 7 in Necromancy
  7453 | D:5      | Identified an amulet of reflection (You found it on level 5
                  | of the Dungeon)
  7454 | D:5      | Identified 8 scrolls of identify
  7454 | D:5      | Identified 3 potions of flight
  7455 | D:5      | Identified 3 potions of might
  7456 | D:5      | Identified 2 potions of stabbing
  7457 | D:5      | Identified a potion of lignification
  7458 | D:5      | Identified a potion of cancellation
  7459 | D:5      | Identified 4 scrolls of remove curse
  7460 | D:5      | Identified 4 scrolls of amnesia
  7470 | D:6      | Identified a +0 falchion
  7470 | D:6      | Identified a cursed -1 dagger
  7470 | D:6      | Identified a cursed +0 robe
  7476 | D:6      | Identified a +0 flail
  7476 | D:6      | Identified a +0 ring mail
  8038 | D:6      | Identified a +0 dagger
  8038 | D:6      | Identified a +0 robe
  8391 | D:6      | Killed Maggie
  8391 | D:6      | Reached skill level 4 in Shields
  8391 | D:6      | Reached skill level 8 in Necromancy
  8391 | D:6      | Gained mutation: You have razor-sharp teeth. [Vine Stalker
                  | growth]
  8391 | D:6      | Reached XP level 8. HP: 23/36 MP: 1/16
  8672 | D:6      | Killed Sigmund
  8747 | D:6      | Identified a +0 flail
  8747 | D:6      | Identified a +0 robe
  8747 | D:6      | Noticed Blork the orc
  8766 | D:6      | Killed Blork the orc
  8766 | D:6      | Reached skill level 9 in Necromancy
  8784 | D:6      | Identified a +0 dagger of venom
  8785 | D:6      | Identified a +0 dagger
  8785 | D:6      | Identified a +0 robe
  8786 | D:6      | Identified a +0 dagger
  8786 | D:6      | Identified a +0 robe
  8846 | D:6      | Identified a +0 buckler (You found it on level 4 of the
                  | Dungeon)
  8866 | D:6      | Identified a +0 robe
  9106 | D:6      | Identified 2 potions of heal wounds
  9107 | D:6      | Identified a potion of brilliance
  9108 | D:6      | Identified a potion of ambrosia
  9211 | D:7      | You fall into a shaft and drop 1 floor!
  9211 | D:8      | Found a staircase to the Lair.
  9226 | D:8      | Reached skill level 10 in Necromancy
  9226 | D:8      | Reached XP level 9. HP: 35/39 MP: 9/17
  9427 | D:8      | Identified a +0 club
  9437 | D:8      | Reached skill level 11 in Necromancy
  9518 | D:8      | Identified a +0 hand axe
  9519 | D:8      | Identified a +0 falchion
  9519 | D:8      | Identified a cursed -2 chain mail
  9522 | D:8      | Identified a +0 mace
  9746 | D:8      | Identified a +0 short sword
  9746 | D:8      | Identified a +0 scale mail
  9746 | D:8      | Noticed Harold
  9776 | D:8      | meem: I'm meem, an infobot run by MalcolmRoseGaming: Type
                  | !submeem to keep me in your games; !nomeem to shut me up
                  | forever; !meem for help; !whymeem if you want to know why
                  | meem exists. Visit http://youtube.com/malcolmrosegaming for
                  | more DCSS content.
  9777 | D:8      | Noticed Prince Ribbit
  9780 | D:8      | Killed Harold
  9780 | D:8      | Reached skill level 12 in Necromancy
  9826 | D:8      | Killed Prince Ribbit
  9826 | D:8      | Reached XP level 10. HP: 31/44 MP: 3/18
 10930 | D:8      | Found an ancient bone altar of Kikubaaqudgha.
 11101 | D:8      | HP: 9/44 [wraith (9)]
 11105 | D:8      | HP: 2/44 [wraith (8)]
 11114 | D:8      | HP: 6/44 [wraith (4)]
 11119 | D:8      | Slain by a wraith

Table legend:
 A = Turns spent in this place as a percentage of turns spent in the entire game.
 B = Non-inter-level travel turns spent in this place as a percentage of non-inter-level travel turns spent in the entire game.
 C = Inter-level travel turns spent in this place as a percentage of turns spent in this place.
 D = Turns resting spent in this place as a percentage of non-inter-level travel turns spent in this place.
 E = Turns spent auto-exploring this place as a percentage of non-inter-level travel turns spent in this place.
 F = Non-inter-level travel turns spent in this place divided by the number of levels of this place that you've seen.
                   A       B       C       D       E      F
               +-------+-------+-------+-------+-------+----------------------
         Total | 100.0 | 100.0 |   4.4 |  26.5 |  38.8 | 1180.6
       Dungeon |  97.5 |  97.9 |   4.1 |  27.1 |  37.5 | 1300.0
        Temple |   2.5 |   2.1 |  17.6 |   0.0 |  97.3 | 225.0
               +-------+-------+-------+-------+-------+----------------------

Table legend:
 A = Kills in this place as a percentage of kills in entire the game.
 B = Kills by you in this place as a percentage of kills by you in the entire game.
 C = Kills by friends in this place as a percentage of kills by friends in the entire game.
 D = Other kills in this place as a percentage of other kills in the entire game.
 E = Experience gained in this place as a percentage of experience gained in the entire game.
 F = Experience gained in this place divided by the number of levels of this place that you have seen.
                   A       B       C       D       E      F
               +-------+-------+-------+-------+-------+----------------------
         Total | 100.0 | 100.0 | 100.0 |   N/A | 100.0 | 561.2
       Dungeon | 100.0 | 100.0 | 100.0 |   N/A | 100.0 | 631.4
               +-------+-------+-------+-------+-------+----------------------

Skill      XL: |  1  2  3  4  5  6  7  8  9 |
---------------+----------------------------+-----
Spellcasting   | 3 4 5 |  5.0
Necromancy     | 5 6 8 10 12 | 12.8
Shields        | 1 4 |  4.0
Dodging        | |  1.5
Stealth        | |  2.4

Action                   |  1- 3 |  4- 6 |  7- 9 | 10-12 || total
-------------------------+-------+-------+-------+-------++-------
Melee: Dagger            |    56 |    26 |   819 |   224 ||  1125
       Bite              |    11 |     7 |   192 |    68 ||   278
Throw: Stone             |    41 |       |       |       ||    41
       Dart              |       |     1 |    55 |       ||    56
 Cast: Pain              |    61 |   101 |    65 |       ||   227
       Animate Dead      |       |     1 |    13 |     2 ||    16
       Animate Skeleton  |       |     1 |     1 |       ||     2
       Vampiric Draining |       |       |    11 |       ||    11
Evoke: Wand              |       |       |     2 |       ||     2
  Use: Scroll            |       |       |    10 |       ||    10
 Stab: Distracted        |       |       |     2 |       ||     2
       Sleeping          |       |       |     3 |       ||     3
  Eat: Chunk             |     5 |     7 |     3 |       ||    15
       Ration            |     1 |     1 |     3 |     1 ||     6
Armor: Robe              |     7 |    22 |   188 |       ||   217
       Steam dragon scal |       |       |    28 |    40 ||    68
Dodge: Dodged            |    33 |    41 |   364 |    55 ||   493
Block: Other             |       |       |   113 |       ||   113
       Reflection        |       |       |     1 |       ||     1
       Buckler           |       |       |    48 |    62 ||   110

Vanquished Creatures
  Harold (D:8)
  Maggie (D:6)
  Prince Ribbit (D:8)
  A porcupine (D:8)
  2 sky beasts
  A black bear (D:8)
  2 wolves (D:8)
  4 crocodiles (D:8)
  An elf zombie (D:8)
  Blork the orc (D:6)
  An elf skeleton (D:8)
  5 scorpions
  4 howler monkeys
  2 crimson imps
  2 hounds
  An iron imp (D:5)
  2 human zombies (D:8)
  2 orc priests
  5 orc wizards
  Ijyb (D:4)
  4 worker ants
  A hound skeleton (D:6)
  4 mummies (D:8)
  4 gnolls
  4 adders
  A shadow imp (D:5)
  2 adder skeletons
  3 worms
  4 dart slugs
  5 leopard geckos
  14 orcs
  2 ball pythons
  2 giant cockroaches
  4 goblins
  4 hobgoblins
  8 kobolds
  4 quokkas
  2 bats
  11 frilled lizards
  A jackal skeleton (D:5)
  4 rats
128 creatures vanquished.

Vanquished Creatures (collateral kills)
  Sigmund (D:6)
  A black bear (D:8)
  3 phantoms
  A quasit (D:5)
  A shadow imp (D:8)
  2 orcs (D:8)
9 creatures vanquished.

Vanquished Creatures (others)
  A fungus (D:8)
1 creature vanquished.

Grand Total: 138 creatures vanquished
